 Dungeon Crawl Stone Soup version 0.26-a0-690-gcb57259078 (webtiles) character file.

Game seed: 13069202954403264345

62 jiml777 the Magician (level 3, -1/17 HPs)
             Began as a Deep Elf Air Elementalist on Oct 24, 2020.
             Slain by a hound (5 damage)
             ... on level 3 of the Dungeon.
             The game lasted 00:15:29 (2675 turns).

jiml777 the Magician (Deep Elf Air Elementalist)    Turns: 2675, Time: 00:15:30

Health: -1/17      AC:  2    Str:  7    XL:     3   Next: 85%
Magic:  5/10       EV: 13    Int: 20    God:
Gold:   77         SH:  0    Dex: 17    Spells: 7/10 levels left

rFire    . . .     SeeInvis .   b - +0 dagger
rCold    . . .     Faith    .   (no shield)
rNeg     . . .     Spirit   .   a - +0 robe
rPois    .         Reflect  .   (no helmet)
rElec    .         Harm     .   (no cloak)
rCorr    .         Rampage  .   (no gloves)
MR       .....                  (no boots)
Stlth    +++.......             (no amulet)
HPRegen  0.05/turn              (no ring)
MPRegen  0.12/turn              (no ring)

@: very slightly contaminated
A: thin skeletal structure 1, deterioration 1, frail 1, strong 1
a: no special abilities


You were on level 3 of the Dungeon.
You visited 1 branch of the dungeon, and saw 3 of its levels.

You collected 77 gold pieces.

Inventory:

Hand Weapons
 b - a +0 dagger (weapon)
Missiles
 h - 66 arrows
 o - 17 poisoned darts (quivered)
 q - 7 javelins
Armour
 a - a +0 robe (worn)
 j - a +1 buckler
Jewellery
 n - an uncursed amulet of faith
Scrolls
 l - a scroll of teleportation
 p - 2 scrolls of amnesia
Potions
 d - a potion of magic
 f - a potion of stabbing
 i - 2 potions of curing
 k - a potion of heal wounds {unknown}
 m - a potion of haste {unknown}


   Skills:
 * Level 2.6 Dodging
 + Level 2.6 Stealth
 + Level 4.0 Spellcasting
 + Level 1.7 Conjurations
 + Level 3.9 Air Magic


You had 7 spell levels left.
You knew the following spells:

 Your Spells              Type           Power        Failure   Level
a - Shock                 Conj/Air       ###.         4%          1
b - Swiftness             Air            ###.....     3%          2

Your spell library contained the following spells:

 Spells                   Type           Power        Failure   Level
 Static Discharge         Conj/Air       ###.....     12%         3
 Airstrike                Air            ###.......   26%         4
 Lightning Bolt           Conj/Air       ###.......   73%         5


Dungeon Overview and Level Annotations

Branches:
Dungeon (3/15)

Altars:


Innate Abilities, Weirdness & Mutations

You have a somewhat thin skeletal structure. (Dex +2, Stealth)
Your body sometimes deteriorates upon taking damage.
You are frail. (-10% HP)
Your muscles are strong. (Str +2)


Message History

The zap misses the hound.
The zap hits the hound.
The hound is moderately wounded.
The hound bites you.
Casting: Shock (safe; 4% risk of failure)
Confirm with . or Enter, or press ? or * to list all spells.
Aiming: Shock (safe; 4% risk of failure)
Press: ? - help, Shift-Dir - straight line The zap hits the hound.
The hound is severely wounded.
The zap misses the hound.
The hound bites you.
* * * LOW HITPOINT WARNING * * *
The hound bites you but does no damage.
Casting: Shock (safe; 4% risk of failure)
Confirm with . or Enter, or press ? or * to list all spells.
Aiming: Shock (safe; 4% risk of failure)
Press: ? - help, Shift-Dir - straight line You miscast Shock.
You are very lightly contaminated with residual magic.
Nothing appears to happen.
The hound bites you.
You die...

#.......################
###..$....# ...........#
..?........# ....#####..#
....#####..# ...........#
.
..#####h#################
#.....@................
..#.###.#################
#.................†......
.#.###.#################
#........... #..#...#...
#..#...# #..#...#
#..#...####


You could see a hound.

Vanquished Creatures
  An adder (D:2)
  A worm (D:2)
  2 dart slugs (D:1)
  3 leopard geckos (D:2)
  An orc (D:3)
  4 giant cockroaches
  5 goblins
  5 hobgoblins
  5 bats
  2 frilled lizards
  6 kobolds
  7 rats
42 creatures vanquished.

Notes
Turn   | Place    | Note
-------+----------+-------------------------------------------
     0 | D:1      | jiml777 the Deep Elf Air Elementalist began the quest for
                  | the Orb.
     0 | D:1      | Reached XP level 1. HP: 10/10 MP: 6/6
   339 | D:1      | Reached XP level 2. HP: 15/15 MP: 6/8
   912 | D:2      | Reached XP level 3. HP: 19/19 MP: 2/10
   981 | D:2      | Learned a level 2 spell: Swiftness
  2110 | D:2      | Reached skill level 4 in Spellcasting
  2338 | D:3      | Gained mutation: You are frail. (-10% HP) [potion of
                  | mutation]
  2338 | D:3      | Gained mutation: Your muscles are strong. (Str +2) [potion
                  | of mutation]
  2338 | D:3      | Gained mutation: Your body sometimes deteriorates upon
                  | taking damage. [potion of mutation]
  2338 | D:3      | Gained mutation: You have a somewhat thin skeletal
                  | structure. (Dex +2, Stealth) [potion of mutation]
  2675 | D:3      | Slain by a hound

Illustrated notes

Levels and vault maps discovered:
D:1:      lemuel_arrival_lava_pool, layout_loops_cross, minmay_tromino_v2
D:2:      layout_basic
D:3:      layout_basic

Skill      XL: |  1  2  3 |
---------------+----------+-----
Spellcasting   | 4 |  4.0
Dodging        | |  2.6
Stealth        | |  2.6
Conjurations   | |  1.7
Air Magic      | |  3.9

Action                   || total
-------------------------++-------
 Cast: Shock             ||    82
  Use: Scroll            ||     8
       Potion            ||     1
Armor: Robe              ||     4
Dodge: Dodged            ||     9

Table legend: (Time is in decaauts)
 A = Elapsed time spent in this place.
 B = Non-inter-level travel time spent in this place.
 C = Inter-level travel time spent in this place.
 D = Time resting spent in this place.
 E = Time spent auto-exploring this place.
 F = Levels seen in this place.
 G = Mean time per level.
                   A        B        C        D        E       F      G
               +--------+--------+--------+--------+--------+-----+--------+
         Total |   2673 |   2571 |    102 |    818 |   1339 |   3 |  891.0 |
       Dungeon |   2673 |   2571 |    102 |    818 |   1339 |   3 |  891.0 |
               +--------+--------+--------+--------+--------+-----+--------+

Top non-repeatable levels by time:
     D:2: 1479 daAuts
     D:1: 850 daAuts
     D:3: 343 daAuts
